 Dungeon Crawl Stone Soup version 0.27.0-1-g7a089689b8 (webtiles) character file.

Game seed: 13260433558092809721

2 ZombieSheep the Bolt Thrower (level 1, 0/10 HPs)
             Began as a Spriggan Hunter on Aug 1, 2021.
             Slain by a kobold (2 damage)
             ... on level 1 of the Dungeon.
             The game lasted 00:00:57 (59 turns).

ZombieSheep the Bolt Thrower (Spriggan Hunter)        Turns: 59, Time: 00:00:57

Health: 0/10       AC:  2    Str:  8    XL:     1   Next: 25%
Magic:  2/2        EV: 17    Int: 12    God:
Gold:   10         SH:  0    Dex: 15    Spells: 0/0 levels left

rFire    . . .     SeeInvis +   a - +1 hand crossbow
rCold    . . .     Faith    .   (shield restricted)
rNeg     . . .     Spirit   .   c - +0 robe
rPois    .         Reflect  .   (helmet restricted)
rElec    .         Harm     .   (no cloak)
rCorr    .         Rampage  .   (gloves unavailable)
Will     .....                  (boots unavailable)
Stlth    ++........             (no amulet)
HPRegen  0.03/turn              (no ring)
MPRegen  0.08/turn              (no ring)

@: very quick
A: very small, no large weapons, unfitting armour, see invisible, speed 3
a: no special abilities


You were on level 1 of the Dungeon.
You visited 1 branch of the dungeon, and saw 1 of its levels.

You collected 10 gold pieces.

Inventory:

Hand Weapons
 a - a +1 hand crossbow (weapon)
 b - a +0 short sword
Missiles
 d - 11 bolts (quivered ammo)
Armour
 c - a +0 robe (worn)
Scrolls
 e - a scroll of vulnerability {unknown}


   Skills:
 + Level 1.6 Fighting
 + Level 0.1 Short Blades
 + Level 4.0 Crossbows
 + Level 2.7 Dodging
 + Level 1.6 Stealth


You couldn't memorise any spells.
You didn't know any spells.
Your spell library was empty.

Dungeon Overview and Level Annotations

Branches:
Dungeon (1/15)

Altars:


Innate Abilities, Weirdness & Mutations

You are very small and have problems with some larger weapons.
You are too small for most types of armour.
You have supernaturally acute eyesight. (SInv)
You cover ground extremely quickly. (Speed+++)


Message History

Fire: 18 bolts
Press: ? - help, Q - select action Shift-Dir - straight line, f/p - bat
Aim: a bat (severely wounded, 53% to hit)
You shoot a bolt. The bolt closely misses the bat.
The bat hits you.
* * * LOW HITPOINT WARNING * * *
The bat barely misses you.
The kobold throws a stone.
The stone closely misses you.
The kobold throws a stone.
The stone closely misses you.
Fire: 17 bolts
Press: ? - help, Q - select action Shift-Dir - straight line, f/p - bat
Aim: a bat (severely wounded, 53% to hit)
You shoot a bolt. The bolt hits the bat!
You kill the bat!
The kobold throws a stone.
The stone closely misses you.
Fire: 16 bolts
Press: ? - help, Q - select action Shift-Dir - straight line, f - kobold
Aim: a kobold, wielding a +0 short sword and quivering stones (severely wounded, 59% to hit)
You shoot a bolt. The bolt closely misses the kobold.
Fire: 15 bolts
Press: ? - help, Q - select action Shift-Dir - straight line, f/p - kobold
Aim: a kobold, wielding a +0 short sword and quivering stones (severely wounded, 59% to hit)
You shoot a bolt. The bolt closely misses the kobold.
Fire: 14 bolts
Press: ? - help, Q - select action Shift-Dir - straight line, f/p - kobold
Aim: a kobold, wielding a +0 short sword and quivering stones (severely wounded, 59% to hit)
You shoot a bolt. The bolt completely misses the kobold.
The kobold throws a stone.
The stone completely misses you.
Fire: 13 bolts
Press: ? - help, Q - select action Shift-Dir - straight line, f/p - kobold
Aim: a kobold, wielding a +0 short sword and quivering stones (severely wounded, 59% to hit)
You shoot a bolt. The bolt barely misses the kobold.
The kobold barely misses you.
Fire: 12 bolts
Press: ? - help, Q - select action Shift-Dir - straight line, f/p - kobold
Aim: a kobold, wielding a +0 short sword and quivering stones (severely wounded, 59% to hit)
You shoot a bolt. The bolt barely misses the kobold.
The goblin completely misses you.
The kobold hits you with a +0 short sword.
You die...

...#######.#
##.#PPP#
#.####.#
###≈≈≈###......#
+..<..+..######
##..##♣.♣##(##
...(.##'##.(#
..........(.#
........(gK.#
..........@.#
..........(.#
...........##
............
##..........#
#._........#
.........#
.........#


You could see a goblin and a kobold.

Vanquished Creatures
  A bat (D:1)
  A frilled lizard (D:1)
2 creatures vanquished.

Notes
Turn   | Place    | Note
-------+----------+-------------------------------------------
     0 | D:1      | ZombieSheep the Spriggan Hunter began the quest for the
                  | Orb.
     0 | D:1      | Reached XP level 1. HP: 10/10 MP: 2/2
     4 | D:1      | Found a faded altar of an unknown god.
    59 | D:1      | Slain by a kobold

Illustrated notes

Levels and vault maps discovered:
D:1:      tarquinn_simple_flora_water_e, layout_rooms, basic_ecumenical_altar

Action                   || total
-------------------------++-------
Melee: Short sword       ||     6
 Fire: Hand crossbow     ||     9
Armor: Robe              ||     3
Dodge: Dodged            ||    25
